 Dungeon Crawl Stone Soup version 0.30-a0-4-ga7cffc901d (webtiles) character file.

Game seed: 9414199667882572896

41 anonymouscript the Magician (level 3, -2/21 HPs)
             Began as an Octopode Hedge Wizard on Aug 20, 2022.
             Killed from afar by Sigmund (6 damage)
             ... with a magic dart
             ... on level 2 of the Dungeon.
             The game lasted 00:08:08 (1480 turns).

anonymouscript the Magician (Octopode Hedge Wizard) Turns: 1480, Time: 00:08:09

Health: -2/21      AC:  1    Str:  9    XL:     3   Next: 52%
Magic:  6/8        EV: 13    Int: 16    God:
Gold:   56         SH:  0    Dex: 13    Spells: 7/9 levels left

rFire   . . .      SeeInvis .    g - staff of conjuration
rCold   . . .      Faith    .    (no shield)
rNeg    . . .      Spirit   .    b - +0 hat
rPois   .          Reflect  .    (no amulet)
rElec   .          Harm     .    l - ring of resist corrosion
rCorr   +          Rampage  .    (no ring)
Will    .....                    (no ring)
Stlth   +++.......               (no ring)
HPRegen 0.07/turn                (no ring)
MPRegen 0.11/turn                (no ring)
                                 (no ring)
                                 (no ring)

@: no status effects
A: almost no armour, amphibious, 8 rings, camouflage 1, gelatinous body 1,
(nimble swimmer 1), tentacles
a: no special abilities


You were on level 2 of the Dungeon.
You visited 1 branch of the dungeon, and saw 2 of its levels.

You collected 56 gold pieces.

Inventory:

Hand Weapons
 a - a +0 dagger
Missiles
 h - 3 poisoned darts
Armour
 b - a +0 hat (worn)
Magical Staves
 g - a staff of conjuration (weapon)
Jewellery
 l - a ring of resist corrosion (left tentacle)
Scrolls
 f - a scroll of magic mapping {unknown}
 i - 2 scrolls of identify
 m - a scroll of immolation
 n - a scroll of vulnerability {unknown}
Potions
 c - a potion of magic
 d - 2 potions of flight {unknown}
 e - a potion of attraction {unknown}
 j - a potion of berserk rage {unknown}
 k - a potion of degeneration {unknown}
 o - a potion of mutation {unknown}


   Skills:
 + Level 0.1 Staves
 + Level 2.2 Dodging
 + Level 3.6 Stealth
 + Level 3.7 Spellcasting
 + Level 1.0 Conjurations
 + Level 1.0 Summonings
 + Level 1.0 Translocations


You had 7 spell levels left.
You knew the following spells:

 Your Spells              Type           Power      Damage    Failure   Level
a - Magic Dart            Conj           36%        1d4       11%         1
b - Slow                  Hex            12%        N/A       17%         1

Your spell library contained the following spells:

 Spells                   Type           Power      Damage    Failure   Level
 Blink                    Tloc           12%        N/A       17%         2
 Call Imp                 Summ           6%         N/A       17%         2
 Conjure Flame            Conj/Fire      7%         6-21      38%         3
 Mephitic Cloud           Conj/Pois/Air  6%         N/A       41%         3


Dungeon Overview and Level Annotations

Branches:
Dungeon (2/15)

Altars:

Annotations:
D:1 1 transporter
D:2 Sigmund


Innate Abilities, Weirdness & Mutations

You cannot wear most types of armour.
You are amphibious.
You can wear up to eight rings at the same time.
Your skin changes colour to match your surroundings (Stealth+).
Your rubbery body absorbs attacks. (AC +1, EV +1)
((You are camouflaged when in or above water. (Stealth+)))
You have tentacles for arms and can constrict up to eight enemies at once.


Message History

Sigmund seems to slow down.
Sigmund casts a spell at you. You resist with significant effort.
Sigmund is no longer moving slowly.
Aiming: Magic Dart (safe; 11% risk of failure)
Press: ? - help, Q - select action, (/) - cycle Shift-Dir - straight line, f/p - Sigmund
Aim: Sigmund, wielding a +0 scythe and wearing a +0 robe (lightly wounded, 100% to hit)
You feel a surge of power!
The magic dart hits Sigmund.
Sigmund is lightly wounded.
Sigmund casts a spell at you. You resist with significant effort.
Aiming: Magic Dart (safe; 11% risk of failure)
Press: ? - help, Q - select action, (/) - cycle Shift-Dir - straight line, f/p - Sigmund
Aim: Sigmund, wielding a +0 scythe and wearing a +0 robe (lightly wounded, 100% to hit)
You feel a surge of power!
You miscast Magic Dart.
You are very lightly contaminated with residual magic.
Nothing appears to happen.
Sigmund casts a spell at you. The magic dart hits you.
Your magical contamination has completely faded away.
Sigmund points at you and mumbles some strange words.
You are confused.
Sigmund casts a spell at you. The puff of flame hits you!
Ouch! That really hurt!
* * * LOW HITPOINT WARNING * * *
You bump into the rock wall.
You bump into the rock wall.
Sigmund gestures at you while chanting. You resist with significant effort.
You're too confused to cast spells.
You bump into the rock wall.
You feel less confused. Sigmund closely misses you.
As you read the scroll labelled DOP OFURUACWA, it crumbles to dust.
It is a scroll of identify.
m - a scroll of immolation Sigmund casts a spell at you.
The magic dart hits you.
You die...

. ##)..##....#......#
#####...#
######.........#.# #...#
##.).##..###.####.#
###...#
.#..8..#..###.##.^.#
#.÷....
...........##.##.#.#
#.##.##
.##..##.##.##.##.#.#
#.##÷## #
#.##.##......## #....##
#.......##....####......
####...@..@.........####
########...##........
##.##.......##
#.###÷.....## #.#
#........ #.# ###......
#.# ####.## ... #.# #.#
...


You could see Sigmund.

Vanquished Creatures
  2 dart slugs (D:1)
  4 bats
  3 endoplasms
  2 giant cockroaches (D:1)
  5 goblins
  4 hobgoblins
  4 kobolds (D:1)
  4 ball pythons
  5 rats
33 creatures vanquished.

Notes
Turn   | Place    | Note
-------+----------+-------------------------------------------
     0 | D:1      | anonymouscript the Octopode Hedge Wizard began the quest
                  | for the Orb.
     0 | D:1      | Reached XP level 1. HP: 11/11 MP: 4/4
   250 | D:1      | Learned a level 1 spell: Slow
   331 | D:1      | Reached XP level 2. HP: 17/17 MP: 6/6
   800 | D:1      | Reached XP level 3. HP: 13/21 MP: 2/7
  1446 | D:2      | Noticed Sigmund
  1480 | D:2      | Killed from afar by Sigmund

Illustrated notes

Levels and vault maps discovered:
D:1:      spicycebolla_arrival_transporter_tutorial, layout_basic,
          minmay_tetromino_o4
D:2:      layout_loops_cross, mrwooster_statue_mirror, uniq_sigmund

Skill      XL: |  1 |
---------------+----+-----
Stealth        | 3 |  3.6
Staves         | |  0.1
Dodging        | |  2.2
Spellcasting   | |  3.7
Conjurations   | |  1.0
Summonings     | |  1.0
Translocations | |  1.0

Action                   || total
-------------------------++-------
Melee: Dagger            ||     6
       Constrict         ||    10
       Staff             ||    29
       Tentacles         ||     8
 Cast: Magic Dart        ||    51
       Slow              ||     2
  Use: Scroll            ||     1
 Stab: Sleeping          ||     1
Armor: Skin              ||     5
Dodge: Dodged            ||    25

Table legend: (Time is in decaauts)
 A = Elapsed time spent in this place.
 B = Non-inter-level travel time spent in this place.
 C = Inter-level travel time spent in this place.
 D = Time resting spent in this place.
 E = Time spent auto-exploring this place.
 F = Levels seen in this place.
 G = Mean time per level.
                   A        B        C        D        E       F      G
               +--------+--------+--------+--------+--------+-----+--------+
         Total |   1484 |   1484 |      0 |    142 |   1007 |   2 |  742.0 |
       Dungeon |   1484 |   1484 |      0 |    142 |   1007 |   2 |  742.0 |
               +--------+--------+--------+--------+--------+-----+--------+

Top non-repeatable levels by time:
     D:1: 820 daAuts
     D:2: 664 daAuts
